 Dungeon Crawl Stone Soup version 0.30.1-11-g7821555f0a (webtiles) character file.

Game seed: 5779784783562242155

116 Okkudo the Chopper (level 5, 0/46 HPs)
             Began as a Hill Orc Monk on Dec 6, 2023.
             Was a Believer of Beogh.
             Slain by an orc
             ... wielding a +0 hand axe
              (5 damage)
             ... on level 3 of the Dungeon.
             The game lasted 00:05:32 (1380 turns).

Okkudo the Chopper (Hill Orc Monk)                  Turns: 1380, Time: 00:05:32

Health: 0/46       AC: 11    Str: 16    XL:     5   Next: 1%
Magic:  5/5        EV:  5    Int: 10    God:    Beogh [**....]
Gold:   48         SH:  0    Dex: 13    Spells: 4/4 levels left

rFire   . . .        a - +0 hand axe
rCold   . . .        d - orb {light}
rNeg    . . .        e - +0 plate armour
rPois   .            (no helmet)
rElec   .            (no cloak)
rCorr   .            (no gloves)
SInv    .            (no boots)
Will    .....        (no amulet) Stlth
                     (no ring)
HPRegen 0.27/turn    (no ring)
MPRegen 0.09/turn

%: no passive effects
@: glowing
A: no striking features
a: Renounce Religion, Smiting


You were on level 3 of the Dungeon.
You worshipped Beogh.
Beogh was pleased with you.
You visited 1 branch of the dungeon, and saw 3 of its levels.

You collected 48 gold pieces.

Inventory:

Hand Weapons
 a - a +0 hand axe (weapon)
Missiles
 b - 5 poisoned darts (quivered)
Armour
 d - an orb of light (worn)
 e - a +0 plate armour (worn)
Wands
 l - a wand of iceblast (8)
Scrolls
 f - a scroll of noise {unknown}
 h - 2 scrolls of identify {unknown}
 j - a scroll of poison {unknown}
 m - a scroll of amnesia {unknown}
 p - a scroll of magic mapping {unknown}
Potions
 c - a potion of ambrosia
 g - a potion of haste {unknown}
 i - 3 potions of curing {unknown}
 k - a potion of invisibility {unknown}
 n - a potion of might {unknown}
 o - a potion of cancellation {unknown}


   Skills:
 - Level 3.6 Fighting
 * Level 6.4 Axes
 + Level 2.5 Armour
 - Level 2.4 Dodging


You had 4 spell levels left.
You didn't know any spells.
Your spell library contained the following spells:

 Spells                   Type           Power      Damage    Failure   Level
 Slow                     Hex            0%         N/A       100%        1
 Confusing Touch          Hex            0%         N/A       100%        3
 Vampiric Draining        Necr           0%         2d6       100%        3


Dungeon Overview and Level Annotations

Branches:
Dungeon (3/15)

Altars:


Message History

You kill the orc wizard!
Beogh accepts your kill.
You have reached level 5!
You feel stronger.
Items here: )) [ †.
Okay, then.
An orc comes into view. It is wielding a +0 hand axe.
An orc wizard comes into view. It is wielding a +0 dagger.
The orc shouts!
The orc wizard shouts!
An orc priest comes into view. It is wielding a +0 hand axe.
Things that are here:
a +0 dagger; a +0 robe A hobgoblin comes into view.
It is wielding a +0 quarterstaff.
The orc wizard casts a spell at you. The puff of flame hits you.
An orc comes into view. It is wielding a +0 hand axe.
You hear a shout!
The orc shouts!
The orc hits you but does no damage. The orc hits you with a +0 hand axe.
The orc priest begins to cast a cantrip, but forgets the words!
The orc hits you but does no damage.
The hobgoblin shouts!
The orc hits you with a +0 hand axe.
You completely miss the orc wizard. You hit the orc but do no damage.
The orc hits you but does no damage.
The orc wizard hits you but does no damage.
The orc priest mumbles some strange prayers to Beogh against you.
Beogh smites you!
* * * LOW HITPOINT WARNING * * *
You hit the orc wizard.
The orc wizard is lightly wounded.
You hit the orc but do no damage. You hit the hobgoblin. You hit the orc.
The orc hits you but does no damage.
The hobgoblin hits you with a +0 quarterstaff.
* * * LOW HITPOINT WARNING * * *
The orc wizard hits you but does no damage.
The orc hits you with a +0 hand axe.
You die...
Beogh appreciates the orc's killing of a heretic priest.

.#.. ...# ....
#.#o### #..#
###.....# #..#
#........
#####..###.#.#
###
......)).).#.#...
..####.....<..#.#
.....ogo.#......#
...###@.#..#†#.#
go #oo#......# .
#..??.....#
##.##.#.###
#.##.#.# #.#.<..#
....#..# ..#. .##
### ##


You could see an orc priest, an orc wizard, 2 orcs and a hobgoblin.

Vanquished Creatures
  An orc wizard (D:3)
  3 adders (D:2)
  3 worms (D:2)
  2 dart slugs
  7 ball pythons
  3 endoplasms
  4 goblins
  6 hobgoblins
  4 jackals (D:1)
  4 kobolds (D:1)
  2 quokkas (D:3)
  5 bats
  3 frilled lizards
  3 rats (D:1)
50 creatures vanquished.

Vanquished Creatures (others)
  An orc priest (D:3)
  An orc wizard (D:3)
  An endoplasm (D:3)
  A ball python (D:3)
4 creatures vanquished.

Grand Total: 54 creatures vanquished

Notes
Turn   | Place    | Note
-------+----------+-------------------------------------------
     0 | D:1      | Okkudo the Hill Orc Monk began the quest for the Orb.
     0 | D:1      | Reached XP level 1. HP: 19/19 MP: 1/1
    96 | D:1      | Reached XP level 2. HP: 23/27 MP: 2/2
   167 | D:1      | Reached skill level 1 in Armour
   200 | D:1      | Found a faded altar of an unknown god.
   244 | D:1      | Reached skill level 5 in Axes
   247 | D:1      | Reached XP level 3. HP: 33/33 MP: 3/3
   871 | D:2      | Reached XP level 4. HP: 39/40 MP: 4/4
   965 | D:2      | Reached skill level 6 in Axes
  1319 | D:3      | Became a worshipper of Beogh the Brigand
  1319 | D:3      | Reached * piety under Beogh
  1319 | D:3      | Reached ** piety under Beogh
  1370 | D:3      | Reached XP level 5. HP: 30/46 MP: 5/5
  1380 | D:3      | Slain by an orc

Illustrated notes

Levels and vault maps discovered:
D:1:      erik_arrival_triangle_small, layout_rooms,
          hellmonk_ecumenical_altar_prayer_group
D:2:      layout_loops_ring, minivault_4
D:3:      layout_loops_ring, nicolae_hepliaklqana_monster_ancestors,
          biasface_ghost_orc_armoury

Skill      XL: |  1  2  3  4 |
---------------+-------------+-----
Armour         | 1 2 |  2.5
Axes           | 5 6 |  6.4
Fighting       | |  3.6
Dodging        | |  2.4

Action                     |  1- 3 |  4- 6 || total
---------------------------+-------+-------++-------
  Melee: Hand axe          |    98 |    61 ||   159
 Invoke: Convert to Beogh  |       |     1 ||     1
 Armour: Plate armour      |    66 |    44 ||   110
  Dodge: Dodged            |    16 |    12 ||    28
